 Dungeon Crawl Stone Soup version 0.30-b1-2-g02819fbbbe (webtiles) character file.

Game seed: 14467012312181832355

3536467 dorian the Sensei (level 27, 260/260 HPs)
             Began as an Octopode Transmuter on May 13, 2023.
             Was a High Priest of Cheibriados.
             Escaped with the Orb
             ... and 5 runes on May 14, 2023!
             The game lasted 03:07:46 (60167 turns).

dorian the Sensei (Octopode Transmuter)            Turns: 60167, Time: 03:07:47

Health: 260/260    AC: 41    Str: 31    XL:     27
Magic:  37/47      EV: 41    Int: 43    God:    Cheibriados [*****.]
Gold:   5867       SH: 20    Dex: 39    Spells: 6/48 levels left

rFire   + +          .
                       - Unarmed
rCold   + + .        g - +1 kite shield of Eternity {Drain rElec rPois}
rNeg    + . .        a - +0 hat
rPois   ∞            d - amulet of regeneration
rElec   +            h - ring of the Lusting Gods {MP+9 AC+4 Str-4 Dex+3 Slay+2}
rCorr   +            S - ring of the Death Scarab {*Corrode rC+ Will+ Str+6 Stlth+}
SInv    +            L - ring of protection from fire
Will    +++..        x - ring "Qubred" {rPois rCorr Slay+3}
Stlth   +++          G - +4 ring of protection
HPRegen 1.43/turn    o - ring of Qaleceodd {Drain rC+ Str+4 Int+6 SInv}
MPRegen 0.30/turn    s - ring of Doubt {Wiz rPois}
                     T - ring "Gomig" {rPois rF+ Str+2 Dex+6}

%: corrode self (3%), wizardry (x1)
@: statue-form, studying Conjurations, very slow
A: slow and powerful, torment resistance 1, boosted hp, almost no armour,
amphibious, 8 rings, camouflage 1, (gelatinous body 1), (nimble swimmer 1),
tentacles, fangs 1, screaming 1, inability to drink after injury 1, MP-powered
wands
0: Orb of Zot
}: 5/15 runes: barnacled, slimy, silver, abyssal, gossamer
a: End Transformation, Renounce Religion, Bend Time, Temporal Distortion,
Slouch, Step From Time


You escaped.
You worshipped Cheibriados.
Cheibriados was extremely pleased with you.
You were a living statue of rough stone.
You visited 11 branches of the dungeon, and saw 53 of its levels.
You visited the Abyss 2 times.
You also visited: Ossuary, Bailey, Ice Cave and Desolation.

You collected 11276 gold pieces.
You spent 5409 gold pieces at shops.

Inventory:

Armour
 a - a +0 hat (worn)
 g - the +1 kite shield of Eternity (worn) {Drain rElec rPois}
   (You acquired it in an ossuary)

   rElec:     It insulates you from electricity.
   rPois:     It protects you from poison.
   Drain:     It drains your maximum health when unequipped.
Magical Staves
 u - the staff of fire "Gumuxt" {rF+ rCorr Str+3}
   (You found it on level 8 of the Dungeon)

   [staff of fire]

   Base accuracy: +5 Base damage: 5 Base attack delay: 1.2 This weapon's minimum
   attack delay (0.6) is reached at skill level 12.
   Str:       It affects your strength (+3).
   rF:        It protects you from fire.
   rCorr:     It protects you from acid and corrosion.
   It falls into the 'Staves' category.
   It is a one-tentacled weapon.
 A - the staff of earth "Josaf" {Fragile +Blink rPois rF+++}
   (You found it on level 5 of the Pits of Slime)

   [staff of earth]

   Base accuracy: +5 Base damage: 5 Base attack delay: 1.2 This weapon's minimum
   attack delay (0.6) is reached at skill level 12.
   rF:        It renders you almost immune to fire.
   rPois:     It protects you from poison.
   +Blink:    It lets you blink.
   Fragile:   It will be destroyed if unequipped.
   It falls into the 'Staves' category.
   It is a one-tentacled weapon.
 Y - the staff of death "Ushryto" {rElec rN+ Int+3}
   (You found it on level 5 of the Pits of Slime)

   [staff of death]

   Base accuracy: +5 Base damage: 5 Base attack delay: 1.2 This weapon's minimum
   attack delay (0.6) is reached at skill level 12.
   Int:       It affects your intelligence (+3).
   rElec:     It insulates you from electricity.
   rN:        It protects you from negative energy.
   It falls into the 'Staves' category.
   It is a one-tentacled weapon.
Jewellery
 d - an amulet of regeneration (around mantle)
 h - the ring of the Lusting Gods (left tentacle) {MP+9 AC+4 Str-4 Dex+3 Slay+2}
   (You acquired it on level 4 of the Dungeon)

   [ring of protection]

   AC:        It affects your AC (+4).
   Str:       It affects your strength (-4).
   Dex:       It affects your dexterity (+3).
   Slay:      It affects your accuracy & damage with ranged weapons and melee
   (+2).
   MP:        It affects your magic capacity (+9).
 o - the ring of Qaleceodd (on tentacle) {Drain rC+ Str+4 Int+6 SInv}
   (You found it in an ice cave)

   [ring of see invisible]

   Str:       It affects your strength (+4).
   Int:       It affects your intelligence (+6).
   rC:        It protects you from cold.
   SInv:      It lets you see invisible.
   Drain:     It drains your maximum health when unequipped.
 s - the ring of Doubt (on tentacle) {Wiz rPois}
   (You took it off a fire giant on level 1 of the Realm of Zot)

   [ring of wizardry]

   It improves your spell success rate.
   rPois:     It protects you from poison.
 x - the ring "Qubred" (on tentacle) {rPois rCorr Slay+3}
   (You found it on level 7 of the Dungeon)

   [ring of resist corrosion]

   Slay:      It affects your accuracy & damage with ranged weapons and melee
   (+3).
   rPois:     It protects you from poison.
   rCorr:     It protects you from acid and corrosion.
 G - a +4 ring of protection (on tentacle)
 L - a ring of protection from fire (on tentacle)
 N - the ring of Qarryfok {Int+6 Dex+5}
   (You found it on level 5 of the Pits of Slime)

   [ring of intelligence]

   Int:       It affects your intelligence (+6).
   Dex:       It affects your dexterity (+5).
 S - the ring of the Death Scarab (right tentacle) {*Corrode rC+ Will+ Str+6 Stlth+}
   (You took it off a tengu warrior on level 3 of the Depths)

   [ring of strength]

   Str:       It affects your strength (+6).
   rC:        It protects you from cold.
   *Corrode:  It may corrode you when you take damage.
   Will:      It increases your willpower.
   Stlth:     It makes you more stealthy.
 T - the ring "Gomig" (on tentacle) {rPois rF+ Str+2 Dex+6}
   (You found it on level 3 of the Lair of Beasts)

   [ring of poison resistance]

   Str:       It affects your strength (+2).
   Dex:       It affects your dexterity (+6).
   rF:        It protects you from fire.
   rPois:     It protects you from poison.
Wands
 b - a wand of roots (53)
 n - a wand of polymorph (22)
 y - a wand of paralysis (44)
 z - a wand of flame (107)
 F - a wand of digging (14)
 K - a wand of quicksilver (34)
 W - a wand of mindburst (71)
Scrolls
 e - 4 scrolls of magic mapping
 f - 7 scrolls of enchant armour
 t - 21 scrolls of teleportation
 v - 9 scrolls of fog
 w - 5 scrolls of amnesia
 B - 5 scrolls of butterflies
 E - 3 scrolls of silence
 J - 15 scrolls of immolation
 O - 3 scrolls of blinking
 Q - 6 scrolls of poison
 R - 14 scrolls of vulnerability
 X - 10 scrolls of fear
Potions
 c - 23 potions of curing
 i - 4 potions of cancellation
 j - 10 potions of brilliance
 k - 16 potions of heal wounds
 l - 4 potions of invisibility
 m - 9 potions of ambrosia
 p - 11 potions of flight
 q - 11 potions of attraction
 r - 4 potions of mutation
 H - a potion of resistance
 M - 8 potions of berserk rage
 P - 5 potions of magic
 V - 3 potions of might
Miscellaneous
 C - a box of beasts
 D - a tin of tremorstones (2/2)
 I - a phial of floods
 U - a phantom mirror
 Z - a lightning rod (4/4)


   Skills:
 + Level 19.7 Fighting
 + Level 19.5 Dodging
 - Level 12.0 Stealth
 - Level 15.4 Shields
 + Level 23.7 Unarmed Combat
 - Level 11.4 Spellcasting
 - Level 10.0 Translocations
 + Level 20.0 Transmutations
 - Level 10.0 Air Magic
 + Level 17.3 Earth Magic
 - Level 16.0 Invocations


You had 6 spell levels left.
You knew the following spells:

 Your Spells              Type           Power      Damage    Failure   Level
a - Beastly Appendage     Tmut           100%       N/A       0%          1
b - Wereblood             Tmut           100%       N/A       0%          2
c - Statue Form           Tmut/Erth      74%        N/A       1%          6
d - Blink                 Tloc           100%       N/A       1%          2
e - Storm Form            Tmut/Air       50%        N/A       1%          7
f - Lee's Rapid Deconstr  Erth           53%        3d25*     1%          5
g - Passwall              Tmut/Erth      92%        N/A       0%          2
h - Manifold Assault      Tloc           84%        N/A       1%          4
i - Passage of Golubria   Tloc           84%        N/A       1%          4
j - Shatter               Erth           53%        3d40*     45%         9

Your spell library contained the following spells:

 Spells                   Type           Power      Damage    Failure   Level
 Sandblast                Erth           100%       2d20      0%          1
 Petrify                  Tmut/Erth      100%       N/A       0%          4
 Blade Hands              Tmut           57%        N/A       0%          5
 Foxfire                  Conj/Fire      96%        2x1d8     1%          1
 Kiss of Death            Conj/Necr      96%        2d12      1%          1
 Magic Dart               Conj           96%        1d7       1%          1
 Slow                     Hex            96%        N/A       1%          1
 Sting                    Tmut/Pois      100%       1d8       1%          1
 Call Imp                 Summ           48%        N/A       1%          2
 Ensorcelled Hibernation  Hex/Ice        48%        N/A       1%          2
 Lesser Beckoning         Tloc           100%       N/A       1%          2
 Momentum Strike          Conj/Tloc      100%       3d10      1%          2
 Poisonous Vapours        Pois/Air       100%       N/A       1%          2
 Scorch                   Fire           48%        2d7       1%          2
 Searing Ray              Conj           48%        2d6       1%          2
 Static Discharge         Conj/Air       100%       2-7/arc   1%          2
 Sublimation of Blood     Necr           24%        N/A       1%          2
 Call Canine Familiar     Summ           24%        N/A       1%          3
 Confusing Touch          Hex            24%        N/A       1%          3
 Dazzling Flash           Conj/Hex       48%        N/A       1%          3
 Gell's Gravitas          Tloc           84%        N/A       1%          3
 Ignite Poison            Fire/Tmut/Pois 70%        N/A       1%          3
 Inner Flame              Hex/Fire       24%        N/A       1%          3
 Mephitic Cloud           Conj/Pois/Air  52%        N/A       1%          3
 Ozocubu's Armour         Ice            24%        N/A       1%          3
 Portal Projectile        Hex/Tloc       100%       N/A       1%          3
 Spider Form              Tmut/Pois      84%        N/A       1%          3
 Stone Arrow              Conj/Erth      100%       3d13      1%          3
 Swiftness                Air            84%        N/A       1%          3
 Teleport Other           Tloc           84%        N/A       1%          3
 Tukima's Dance           Hex            24%        N/A       1%          3
 Vampiric Draining        Necr           24%        2d7       1%          3
 Volatile Blastmotes      Fire/Tloc      100%       2d18      1%          3
 Airstrike                Air            42%        2d(6-22)  1%          4
 Ice Form                 Ice/Tmut       84%        N/A       1%          4
 Iskenderun's Mystic Bla  Conj/Tloc      61%        2d13      1%          4
 Leda's Liquefaction      Hex/Erth       39%        N/A       1%          4
 Summon Lightning Spire   Summ/Air       61%        N/A       1%          4
 Alistair's Intoxication  Tmut/Pois      56%        N/A       1%          5
 Borgnjor's Vile Clutch   Necr/Erth      39%        N/A       1%          5
 Irradiate                Conj/Tmut      42%        3d25      1%          5
 Yara's Violent Unravell  Hex/Tmut       42%        3d17      1%          5
 Dispersal                Tloc           42%        N/A       1%          6
 Eringya's Noxious Bog    Tmut/Pois      42%        N/A       1%          6
 Arcjolt                  Conj/Air       30%        1d40      2%          5
 Silence                  Hex/Air        30%        N/A       2%          5
 Summon Forest            Summ/Tloc      30%        N/A       2%          5
 Iron Shot                Conj/Erth      39%        9d8       2%          6
 Freezing Cloud           Conj/Ice/Air   26%        6-21      4%          5
 Anguish                  Hex/Necr       12%        N/A       6%          4
 Cause Fear               Hex            12%        N/A       6%          4
 Dispel Undead            Necr           24%        3d12      6%          4
 Flame Wave               Conj/Fire      24%        2d8       6%          4
 Fulminant Prism          Conj/Hex       12%        3d8       6%          4
 Olgreb's Toxic Radiance  Pois           24%        N/A       6%          4
 Sticky Flame             Conj/Fire      24%        2d5       6%          4
 Conjure Ball Lightning   Conj/Air       30%        3x3d10    13%         6
 Plasma Beam              Fire/Air       30%        2x1d47    13%         6
 Fireball                 Conj/Fire      12%        3d7       17%         5
 Iskenderun's Battlesphe  Conj           24%        2d8       17%         5
 Metabolic Englaciation   Hex/Ice        12%        N/A       17%         5
 Summon Mana Viper        Hex/Summ       24%        N/A       17%         5
 Death Channel            Necr           12%        N/A       65%         6
 Simulacrum               Ice/Necr       12%        N/A       65%         6
 Starburst                Conj/Fire      12%        6d5       65%         6
 Summon Cactus Giant      Summ           12%        N/A       65%         6
 Dragon Form              Tmut           57%        N/A       1%          7
 Disjunction              Tloc           42%        N/A       54%         8
 Maxwell's Capacitive Co  Air            42%        ∞         54%         8
 Lehudib's Crystal Spear  Conj/Erth      39%        10d10     73%         8
 Orb of Destruction       Conj           12%        9d7       99%         7
 Ozocubu's Refrigeration  Ice            12%        4d10      99%         7
 Spellforged Servitor     Conj/Summ      12%        N/A       99%         7
 Summon Hydra             Summ           12%        N/A       99%         7
 Discord                  Hex            12%        N/A       100%        8
 Ignition                 Fire           12%        3d6       100%        8
 Chain Lightning          Conj/Air       30%        3d40      100%        9
 Dragon's Call            Summ           12%        N/A       100%        9
 Fire Storm               Conj/Fire      12%        8d3       100%        9
 Animate Armour           Summ/Erth      Unusable   N/A       N/A         4

Dungeon Overview and Level Annotations

Branches:
Dungeon (15/15)            Temple (1/1) D:5            Lair (5/5) D:9
 Shoals (4/4) Lair:2       Spider (4/4) Lair:2        Slime (5/5) Lair:5
    Orc (2/2) D:12            Elf (3/3) Orc:2        Vaults (5/5) D:14
  Crypt (0/3) Vaults:2     Depths (4/4) D:15            Zot (5/5) Depths:4
Ossuary (visited)          Bailey (visited)           IceCv (visited)
Desolation (visited)

Altars:
Ashenzari
Cheibriados
Dithmenos
Gozag
Hepliaklqana
Kikubaaqudgha
Makhleb
Okawaru
Qazlal
Sif Muna
Trog
Uskayaw
Wu Jian
Xom
Yredelemnul
Zin
The Shining One
Jiyva

Shops:
D:9 [   Orc:2 ?*:!:   Elf:1 **(   Elf:3 :   Shoals:2 :   Shoals:3 *
Shoals:4 (

Portals:
Hell: Lair:5 Depths:1 Depths:2 Depths:3 Depths:4
Abyss: Depths:3
Pandemonium: Depths:2 Depths:4
Ziggurat: Depths:2

Annotations:
D:5 1 runed translucent door, Clive's ghost, novice MiFi
Lair:1 2 transporters, MirrMurr's ghost, journeyman SpHu


Innate Abilities, Weirdness & Mutations

You are a living statue of rough stone.
Your actions are slow, but your melee attacks are powerful.
You are resistant to unholy torment.
Your maximum health is greatly increased.
You are immune to poison.
You cannot wear most types of armour.
You are amphibious.
You can wear up to eight rings at the same time.
Your skin changes colour to match your surroundings (Stealth+).
((Your rubbery body absorbs attacks. (AC +1, EV +1)))
((You are camouflaged when in or above water. (Stealth+)))
You have tentacles for arms and can constrict up to eight enemies at once.
You have very sharp teeth.
You occasionally shout uncontrollably at your foes.
You occasionally lose the ability to drink potions when taking damage.
You expend magic power (3 MP) to strengthen your wands.


Message History

You can feel time thicken for a moment.
You kill the ice devil!
Cheibriados appreciates the change of pace.
You kill the neqoxec!
Cheibriados appreciates the change of pace.
Cheibriados lowers the support of your attributes as your movement quickens.
Lawarch gestures.
Lawarch seems to speed up.
Unknown command.
You block Lawarch's attack. Lawarch completely misses you.
You thrash Lawarch!!! You bite Lawarch. You squeeze Lawarch!!
Lawarch is almost dead.
Lawarch gestures at you.
A raging storm of fire appears!
The great blast of fire engulfs you!! You partially resist.
The great blast of fire engulfs Lawarch!!!
Lawarch dies!
A fire vortex comes into view.
You are engulfed in blazing flames.
You resist.
Aiming: Dig
Press: ? - help, Shift-Dir - straight line A rock wall.
This square is covered in magical glow.
You feel a surge of power!
The rock shatters into small pieces.
Aiming: Dig
Press: ? - help, Shift-Dir - straight line A rock wall.
This square is covered in magical glow.
You feel a surge of power!
The rock shatters into small pieces.
A sixfirhy comes into view.
You barely miss the sixfirhy. You grab the sixfirhy.
You squeeze the sixfirhy, but do no damage.
You constrict the sixfirhy. You bludgeon the sixfirhy!
You squeeze the sixfirhy!!
The sixfirhy is almost dead.
You constrict the sixfirhy.
You kill the sixfirhy!
Cheibriados thoroughly appreciates the change of pace.
There is a staircase leading out of the dungeon here.
You have escaped!

#.........# #.#'#.#.#..#.........
#.........# #..........#.##'#####
#############..........#'##.#
.................§...#....#.#
............#.....#.......#.#
............##....#.......#.###
............##....#...........#
............##....#.##........#
.###..[.....##.>8.#.##........#
.#...###....######............#
.....# #......................#
##...###....#######...........#
.#.....#....###.....#.........#
.#..........##................#
.#........................#'#####
.#.....#....##..........#.......#
.#.....#....##..........#.......#


There were no monsters in sight!

Vanquished Creatures
  Dissolution (Slime:3)
  the Royal Jelly (Slime:5)
  The ghost of reasonance the Conqueror, a legendary DsFi of Jiyva (Zot:2)
  13 dread liches
  4 ancient liches (Zot:5)
  4 orbs of fire
  A pandemonium lord (Depths:1)
  7 Killer Klowns
  Saint Roka (Depths:4)
  Bai Suzhen (Shoals:3)
  4 curse toes
  13 golden dragons
  Nikola (Spider:3)
  Arachne (Spider:2)
  A pearl dragon (Abyss:3)
  A bone dragon (Zot:2)
  5 electric golems
  2 walking crystal tomes (Depths:3)
  17 tentacled monstrosities
  Rupert (Orc:2)
  4 liches
  5 quicksilver dragons
  27 Orb Guardians
  5 titans
  5 deep elf blademasters
  2 deep elf master archers (Elf:3)
  An Executioner (Zot:5)
  6 death cobs
  28 acid blobs
  Frances (Shoals:1)
  A tentacled starspawn (Abyss:3)
  The ghost of Barug the Brawler, an adept TrMo of Nemelex Xobeh (Depths:4)
  7 sphinxes
  3 tengu reavers (Vaults:5)
  A storm dragon (shapeshifter) (Abyss:3)
  Roxanne (D:14)
  21 storm dragons
  Agnes (Spider:3)
  15 shadow dragons
  Ilsuiw (Shoals:4)
  A revenant (Vaults:2)
  12 rockslimes
  9 azure jellies
  9 draconian knights
  16 vault wardens
  3 frost giants
  3 imperial myrmidons (Desolation)
  9 deep elf sorcerers
  10 draconian monks
  15 fire giants
  2 iron dragons
  Louise (Depths:3)
  2 deep elf elementalists (Elf:3)
  Aizul (Elf:2)
  4 angels (Zot:4)
  2 orc warlords
  8 draconian scorchers
  12 draconian annihilators
  12 ironbound preservers
  6 emperor scorpions
  9 ghost moths
  6 draconian shifters
  8 draconian stormcallers
  17 very ugly things
  2 balrugs (Zot:1)
  A spriggan defender (Depths:2)
  4 quicksilver oozes
  3 broodmothers
  3 war gargoyles
  A reaper (D:15)
  11 stone giants
  9 ironbound thunderhulks
  23 green draconians
  17 black draconians
  13 white draconians
  2 vampire knights (Depths:2)
  8 deep elf demonologists
  15 yellow draconians
  4 deep elf annihilators
  18 purple draconians
  A halazid warlock (Desolation)
  21 dire elephants
  15 red draconians
  Azrael (Spider:2)
  13 spark wasps
  4 deep elf death magi
  A blizzard demon (Depths:4)
  17 fire dragons
  12 merfolk impalers
  2 spectral quicksilver dragons (Zot:2)
  6 merfolk javelineers (Shoals:4)
  2 crystal guardians (Abyss:3)
  5 entropy weavers
  16 yaktaur captains
  3 ettins
  10 great orbs of eyes
  An entropy weaver (shapeshifter) (Depths:3)
  2 great orbs of eyes (shapeshifter) (Abyss:3)
  A jiangshi (Vaults:2)
  A hydra (shapeshifter) (Vaults:1)
  9 ragged hierophants (Desolation)
  5 deep elf high priests
  10 ice dragons
  4 rakshasas
  34 vault guards
  A radroach (shapeshifter) (Vaults:5)
  2 ogre magi (Orc:2)
  7 servants of whispers (Desolation)
  7 hydras
  5 centaur warriors
  3 spriggan air magi
  5 peacekeepers
  4 merfolk aquamancers
  5 ironbound frosthearts
  8 boulder beetles
  2 catoblepae
  4 radroaches
  2 satyrs (Shoals:3)
  An anaconda (shapeshifter) (Vaults:5)
  22 dancing weapons
  A spectral draconian (Zot:2)
  3 merfolk avatars (Shoals:3)
  15 two-headed ogres
  An alligator snapping turtle (Shoals:3)
  6 deep troll shamans
  An alligator (shapeshifter) (Vaults:5)
  2 vampire magi
  8 death yaks
  Urug (D:10)
  4 thrashing horrors (Abyss:3)
  6 tengu warriors
  9 deep troll earth magi
  3 spriggan berserkers (Depths:2)
  2 soul eaters
  3 sun demons
  Nergalle (D:10)
  5 hell knights (Depths:4)
  27 deep elf knights
  3 iron trolls
  Sonja (Lair:2)
  Amaemon (Lair:3)
  5 skeletal warriors
  2 sun moths
  8 pharaoh ants
  3 orb spiders
  13 sea snakes
  2 sixfirhies
  A quicksilver dragon simulacrum (Zot:2)
  A death drake (shapeshifter) (D:15)
  2 bog bodies (Shoals:2)
  A deep troll (shapeshifter) (D:14)
  7 glowing orange brains
  A death drake (Depths:4)
  4 skysharks
  29 deep trolls
  3 flayed ghosts
  18 deep elf archers
  7 wizards
  An obsidian statue (Vaults:3)
  5 phantasmal warriors
  19 harpies
  4 necromancers
  Pikel (D:9)
  A shadow demon (D:6)
  6 lindwurms
  19 ironbound convokers
  27 deep elf zephyrmancers
  A harpy (shapeshifter) (Depths:3)
  A wolf spider (shapeshifter) (Vaults:5)
  11 orc knights
  An oklob plant (Lair:5)
  6 steelbarb worms
  4 shining eyes
  35 deep elf pyromancers
  20 wolf spiders
  6 orc sorcerers
  A mana viper (shapeshifter) (Depths:3)
  4 large abominations
  10 fauns
  11 cyclopes
  16 manticores
  39 ugly things
  26 moths of wrath
  4 merfolk sirens
  A salamander (Depths:1)
  7 elephants
  A toenail golem (Depths:4)
  2 guardian serpents (shapeshifter) (Abyss:3)
  28 vault sentinels
  6 black mambas
  3 rust devils
  6 water nymphs
  A water nymph (shapeshifter) (D:14)
  2 ice statues (IceCv)
  3 orange demons
  9 demonic crawlers
  2 guardian serpents (Desolation)
  14 cane toads
  A smoke demon (D:9)
  An eye of devastation (Slime:3)
  A hellion (Depths:4)
  2 storm dragon simulacra (Zot:2)
  2 gargoyles (D:11)
  10 unseen horrors
  Maggie (Lair:2)
  6 torpor snails
  10 rime drakes
  A tormentor (Depths:2)
  A rime drake (shapeshifter) (Depths:3)
  5 komodo dragons
  43 yaktaurs
  An efreet (D:15)
  3 tengu conjurers
  2 freezing wraiths
  A yaktaur (shapeshifter) (Depths:3)
  2 golden dragon simulacra (Zot:2)
  4 polar bears
  6 ice devils
  2 red devils (Lair:5)
  6 wind drakes
  A harpy zombie (Abyss:3)
  A queen bee (shapeshifter) (D:12)
  11 trolls
  5 hellwings
  56 saltlings (Desolation)
  26 merfolk
  9 meliai
  14 blink frogs
  24 tarantellas
  A dream sheep (shapeshifter) (Vaults:5)
  9 snapping turtles
  17 dream sheep
  31 jumping spiders
  6 raiju (Abyss:3)
  94 slime creatures
  22 water elementals
  A culicivora (shapeshifter) (D:15)
  3 vampires
  4 wraiths
  3 ynoxinuls
  26 yaks
  5 air elementals
  23 culicivoras
  A small abomination (Abyss:3)
  3 wyverns
  5 fire elementals (Spider:2)
  A basilisk (shapeshifter) (Elf:2)
  A shadow (D:7)
  4 basilisks
  17 humans (D:14)
  3 neqoxecs
  2 golden eyes (Slime:2)
  8 vampire mosquitoes
  52 redbacks
  8 wargs
  5 chaos spawn
  Edmund (D:5)
  5 hell hounds
  A floating eye (shapeshifter) (Zot:4)
  3 acid dragons
  A floating eye (Slime:5)
  16 water moccasins
  50 orc warriors
  2 ice beasts
  A sky beast (D:8)
  4 black bears
  14 wolves
  21 ogres
  9 centaurs
  2 phantoms (D:5)
  4 kobold brigands
  10 bullfrogs
  A gnoll sergeant (D:8)
  A scorpion (D:7)
  An earth elemental (Elf:1)
  8 wights (D:8)
  7 killer bees
  5 lindwurm simulacra (IceCv)
  4 howler monkeys
  4 electric eels
  2 quasits (D:9)
  5 komodo dragon simulacra (IceCv)
  15 orc priests
  3 gnoll boudas (D:8)
  7 hounds
  10 jellies
  3 iguanas
  7 hell rats (Lair:5)
  40 orc wizards
  11 mummies (Ossuary)
  6 acid dragon simulacra (IceCv)
  19 gnolls
  7 adders
  A river rat (D:4)
  2 shadow imps
  A white imp (Vaults:2)
  2 ufetubi
  5 steam dragon simulacra (IceCv)
  2 dart slugs (D:1)
  114 orcs
  11 ball pythons
  5 bats
  5 endoplasms
  4 giant cockroaches
  10 hobgoblins
  5 quokkas
  6 frilled lizards
  A gnoll skeleton (Ossuary)
  14 goblins
  3 goblin skeletons (Ossuary)
  27 kobolds
  2 kobold skeletons (Ossuary)
  2 orc skeletons (Ossuary)
  9 rats
  11 rat skeletons (Ossuary)
  A bush (Lair:5)
  A butterfly (Zot:4)
  2 lurking horrors (Abyss:3)
  A starspawn tentacle (Abyss:3)
2545 creatures vanquished.

Vanquished Creatures (others)
  A pandemonium lord (D:1)
  A golden dragon (Zot:5)
  A shadow dragon (Vaults:5)
  A vampire knight (Depths:2)
  A dancing weapon (Elf:2)
  A deep elf knight (Elf:1)
  A wizard (Vaults:2)
  A deep elf pyromancer (Elf:1)
  A saltling (Desolation)
  An orc (Orc:2)
  2 demonic plants (D:9)
  20 fungi
  3 pillars of salt (Zot:4)
  78 plants
  A starspawn tentacle (Abyss:3)
114 creatures vanquished.

Grand Total: 2659 creatures vanquished

Notes
Turn   | Place    | Note
-------+----------+-------------------------------------------
     0 | D:1      | dorian the Octopode Transmuter began the quest for the Orb.
     0 | D:1      | Reached XP level 1. HP: 13/13 MP: 3/3
    69 | D:1      | Reached XP level 2. HP: 15/18 MP: 3/5
   241 | D:1      | Reached XP level 3. HP: 16/23 MP: 6/6
   926 | D:2      | Reached XP level 4. HP: 22/29 MP: 5/7
   928 | D:2      | Reached skill level 4 in Unarmed Combat
  1152 | D:2      | You fall into a shaft and drop 2 floors!
  1489 | D:4      | Found a sand-covered staircase.
  1494 | Ossuary  | Entered an ossuary
  1507 | Ossuary  | Learned a level 2 spell: Wereblood
  1538 | Ossuary  | Reached XP level 5. HP: 32/35 MP: 6/8
  1842 | Ossuary  | Reached skill level 5 in Unarmed Combat
  1869 | Ossuary  | Reached XP level 6. HP: 41/41 MP: 9/9
  2045 | Ossuary  | Identified a scroll of acquirement
  2045 | Ossuary  | Acquired the +1 kite shield of Eternity {Drain rElec rPois}
  2275 | D:4      | Acquired the ring of the Lusting Gods {MP+9 AC+4 Str-4
                  | Dex+3 Slay+2}
  2528 | D:4      | Found a bloodstained altar of Trog.
  2746 | D:5      | Entered Level 5 of the Dungeon
  2786 | D:5      | Noticed a black bear
  2863 | D:5      | Reached skill level 1 in Shields
  2929 | D:5      | Reached XP level 7. HP: 41/46 MP: 10/10
  2942 | D:5      | Noticed Edmund
  3084 | D:5      | Reached skill level 6 in Unarmed Combat
  3301 | D:5      | Found a runed translucent door.
  3306 | D:5      | Noticed Clive's ghost (novice MiFi)
  3414 | D:5      | Found a staircase to the Ecumenical Temple.
  3420 | D:5      | Noticed a +0 short sword
  3423 | Temple   | Entered the Ecumenical Temple
  3439 | Temple   | Became a worshipper of Cheibriados the Contemplative
  3472 | D:5      | Found a hide-covered altar of Uskayaw.
  3472 | D:5      | Noticed a +0 falchion
  3472 | D:5      | Noticed a +0 spear
  3473 | D:5      | Noticed a +0 dagger
  3473 | D:5      | Noticed a +0 short sword
  3473 | D:5      | Noticed a +0 spear
  3474 | D:5      | Noticed a +0 falchion
  3475 | D:5      | Noticed a +0 dagger
  3654 | D:5      | Killed Edmund
  3655 | D:5      | Reached XP level 8. HP: 54/54 MP: 11/11
  4053 | D:6      | Reached skill level 7 in Unarmed Combat
  4138 | D:6      | Reached * piety under Cheibriados
  4329 | D:7      | Reached skill level 5 in Transmutations
  4368 | D:7      | Noticed a yak
  4384 | D:7      | Killed a yak
  4385 | D:7      | Reached skill level 5 in Shields
  4385 | D:7      | Reached XP level 9. HP: 32/60 MP: 12/12
  4591 | D:7      | Noticed a brown ugly thing
  4614 | D:7      | Reached skill level 5 in Fighting
  4614 | D:7      | Reached skill level 8 in Unarmed Combat
  4684 | D:7      | Found a broken altar of Ashenzari.
  4685 | D:7      | Found a basalt altar of Yredelemnul.
  4686 | D:7      | Found a shadowy altar of Dithmenos.
  4687 | D:7      | Found a shimmering blue altar of Sif Muna.
  4741 | D:7      | Noticed a cyclops
  5067 | D:3      | Reached ** piety under Cheibriados
  5229 | D:3      | Found an opulent altar of Gozag.
  5560 | D:3      | Found an iron altar of Okawaru.
  6036 | D:7      | Learned a level 4 spell: Ice Form
  6039 | D:7      | Learned a level 2 spell: Blink
  6072 | D:7      | Noticed a two-headed ogre
  6072 | D:7      | Noticed a troll
  6084 | D:7      | Killed a two-headed ogre
  6087 | D:7      | Killed a troll
  6088 | D:7      | Reached skill level 9 in Unarmed Combat
  6096 | D:7      | Killed a cyclops
  6097 | D:7      | Reached XP level 10. HP: 68/68 MP: 13/13
  6112 | D:7      | Reached *** piety under Cheibriados
  6131 | D:7      | Identified the ring "Qubred" {rPois rCorr Slay+3}
  6529 | D:7      | Killed a brown ugly thing
  6696 | D:8      | Reached skill level 10 in Unarmed Combat
  6713 | D:8      | Acquired a manual of Shields
  6846 | D:8      | Found a runed translucent door.
  6894 | D:8      | Identified the staff of fire "Gumuxt" {rF+ rCorr Str+3}
  6922 | D:8      | Reached **** piety under Cheibriados
  7233 | D:8      | Found a runed translucent door.
  7304 | D:8      | Noticed a centaur warrior
  7314 | D:8      | Killed a centaur warrior
  7315 | D:8      | Reached XP level 11. HP: 63/75 MP: 14/14
  7326 | D:8      | Noticed a boulder beetle
  7326 | D:8      | Noticed a tengu warrior
  7333 | D:8      | Killed a tengu warrior
  7340 | D:8      | Reached skill level 10 in Shields
  7365 | D:8      | Killed a boulder beetle
  7366 | D:8      | Reached skill level 1 in Invocations
  7377 | D:8      | Noticed a two-headed ogre
  7386 | D:8      | Killed a two-headed ogre
  7410 | D:8      | Reached skill level 11 in Unarmed Combat
  7583 | D:8      | Reached XP level 12. HP: 82/82 MP: 15/15
  7615 | D:9      | Noticed a two-headed ogre
  7709 | D:9      | Found a flagged portal.
  7715 | Bailey   | Entered a bailey
  7725 | Bailey   | Reached ***** piety under Cheibriados
  7871 | Bailey   | Reached skill level 12 in Unarmed Combat
  7926 | Bailey   | Acquired 675 gold pieces
  8032 | D:9      | Noticed Pikel
  8038 | D:9      | Killed Pikel
  8130 | D:9      | Found Yzopriaj's Antique Armour Emporium.
  8211 | D:9      | Killed a two-headed ogre
  8330 | D:9      | Found a staircase to the Lair.
  9005 | D:10     | Entered Level 10 of the Dungeon
  9005 | D:10     | Noticed Nergalle
  9010 | D:10     | Killed Nergalle
  9011 | D:10     | Reached skill level 5 in Invocations
  9011 | D:10     | Reached XP level 13. HP: 89/89 MP: 16/16
  9270 | D:10     | Noticed Urug
  9278 | D:10     | Killed Urug
  9278 | D:10     | Reached ****** piety under Cheibriados
  9610 | D:11     | Found a frozen archway.
  9625 | IceCv    | Entered an ice cave
  9961 | IceCv    | Noticed a white draconian
  9971 | IceCv    | Killed a white draconian
  9972 | IceCv    | Reached skill level 13 in Unarmed Combat
 10038 | IceCv    | Identified the ring of Qaleceodd {Drain rC+ Str+4 Int+6
                  | SInv}
 10473 | D:11     | Found a glowing golden altar of the Shining One.
 10903 | D:12     | Found a staircase to the Orcish Mines.
 11600 | D:13     | Reached skill level 15 in Shields
 11695 | D:13     | Reached XP level 14. HP: 90/98 MP: 10/19
 11959 | D:13     | Reached skill level 10 in Transmutations
 12242 | D:14     | Reached skill level 10 in Fighting
 12312 | D:14     | Found a huge runed gate.
 12331 | D:14     | Found a huge runed gate.
 12331 | D:14     | Found a huge runed gate.
 12332 | D:14     | Found a huge runed gate.
 12332 | D:14     | Found a huge runed gate.
 12334 | D:14     | Found a huge runed gate.
 12334 | D:14     | Found a huge runed gate.
 12334 | D:14     | Found a huge runed gate.
 12334 | D:14     | Found a huge runed gate.
 12334 | D:14     | Found a huge runed gate.
 12335 | D:14     | Found a huge runed gate.
 12336 | D:14     | Found a huge runed gate.
 12350 | D:14     | Identified the +5 scale mail of Sytubiod {Rampage rC- Will-
                  | rCorr}
 12358 | D:14     | Found a huge runed gate.
 12358 | D:14     | Found a huge runed gate.
 12372 | D:14     | Reached skill level 14 in Unarmed Combat
 12392 | D:14     | Found a huge runed gate.
 12393 | D:14     | Found a huge runed gate.
 12394 | D:14     | Found a huge runed gate.
 12394 | D:14     | Found a huge runed gate.
 12399 | D:14     | Found a huge runed gate.
 12400 | D:14     | Found a huge runed gate.
 12402 | D:14     | Found a huge runed gate.
 12406 | D:14     | Found a huge runed gate.
 12406 | D:14     | Found a huge runed gate.
 12556 | D:14     | Identified Roxanne's Almanac of the Switch
 12556 | D:14     | Noticed Roxanne
 12713 | D:14     | Found a huge runed gate.
 12713 | D:14     | Found a huge runed gate.
 12716 | D:14     | Found a huge runed gate.
 12716 | D:14     | Found a huge runed gate.
 12719 | D:14     | Found a huge runed gate.
 12720 | D:14     | Found a huge runed gate.
 12721 | D:14     | Found a huge runed gate.
 12723 | D:14     | Found a huge runed gate.
 12724 | D:14     | Found a huge runed gate.
 12725 | D:14     | Found a huge runed gate.
 12770 | D:14     | Found a huge runed gate.
 12770 | D:14     | Found a huge runed gate.
 12770 | D:14     | Found a huge runed gate.
 13174 | D:14     | Found a gate to the Vaults.
 13179 | D:14     | Got the Cyclopedia of Geomancy and Angles
 13515 | D:14     | Noticed a stone giant
 13515 | D:14     | Noticed a storm dragon
 13515 | D:14     | Noticed a frost giant
 13517 | D:14     | Noticed a storm dragon
 13517 | D:14     | Noticed a storm dragon
 13519 | D:14     | Noticed a sphinx
 13520 | D:14     | Noticed a storm dragon
 13829 | Lair:1   | Entered Level 1 of the Lair of Beasts
 14053 | Lair:1   | Found a transporter.
 14066 | Lair:1   | Found a transporter.
 14083 | Lair:1   | Found a bloodstained altar of Trog.
 14452 | Lair:1   | Noticed MirrMurr's ghost (journeyman SpHu)
 14620 | Lair:2   | Found a hole to the Spider Nest.
 14644 | Lair:2   | Noticed Maggie
 14649 | Lair:2   | Paralysed by Maggie for 5 turns
 14657 | Lair:2   | Killed Maggie
 15000 | Lair:2   | Noticed Sonja
 15010 | Lair:2   | Killed Sonja
 15011 | Lair:2   | Reached XP level 15. HP: 96/107 MP: 22/22
 15373 | Lair:3   | Noticed Amaemon
 15381 | Lair:3   | Killed Amaemon
 15778 | Lair:3   | Identified the ring "Gomig" {rPois rF+ Str+2 Dex+6}
 15832 | Lair:3   | Reached skill level 15 in Unarmed Combat
 15886 | Lair:3   | Reached skill level 10 in Invocations
 16853 | Lair:4   | Found a runed translucent door.
 17100 | Lair:4   | Acquired 647 gold pieces
 17118 | Lair:5   | Entered Level 5 of the Lair of Beasts
 17761 | Lair:5   | Reached XP level 16. HP: 92/116 MP: 23/23
 17968 | Lair:5   | Reached skill level 5 in Dodging
 18034 | Lair:5   | Found a burning altar of Makhleb.
 18099 | Lair:5   | Found a gateway to Hell.
 18106 | Lair:5   | Identified the +3 scale mail of Muttered Phrases {Harm rC-
                  | Will++ rCorr}
 18196 | Lair:5   | Found a viscous altar of Jiyva.
 18196 | Lair:5   | Found a staircase to the Slime Pits.
 18705 | Spider:1 | Entered Level 1 of the Spider Nest
 18991 | Spider:1 | Reached skill level 16 in Unarmed Combat
 19025 | Spider:1 | Identified the +9 trident of Gravity {freeze, rPois Str-4
                  | Dex+3}
 19524 | Spider:1 | Learned a level 7 spell: Storm Form
 19616 | Spider:2 | Noticed Azrael
 19618 | Spider:2 | Reached skill level 1 in Air Magic
 19625 | Spider:2 | Killed Azrael
 19696 | Spider:2 | Noticed Arachne
 19728 | Spider:2 | HP: 3/117 [Arachne/poison arrow (19)]
 19734 | Spider:2 | Killed Arachne
 21002 | Spider:3 | Noticed Nikola
 21020 | Spider:3 | Killed Nikola
 21021 | Spider:3 | Reached XP level 17. HP: 65/122 MP: 24/24
 21213 | Spider:3 | Noticed Agnes
 21221 | Spider:3 | Killed Agnes
 21745 | Spider:4 | Entered Level 4 of the Spider Nest
 21968 | Spider:4 | Reached skill level 5 in Air Magic
 22164 | Spider:4 | Acquired 675 gold pieces
 22724 | Spider:4 | Reached skill level 17 in Unarmed Combat
 23394 | Spider:4 | Got a gossamer rune of Zot
 23796 | Orc:1    | Entered Level 1 of the Orcish Mines
 24157 | Orc:2    | Entered Level 2 of the Orcish Mines
 24168 | Orc:2    | Gained mutation: Your body sometimes deteriorates upon
                  | taking damage. [a neqoxec]
 24168 | Orc:2    | Gained mutation: You occasionally lose the ability to drink
                  | potions when taking damage. [mutagenic glow]
 24182 | Orc:2    | Found Zaazut's Distillery.
 24182 | Orc:2    | Found Ighatoru's General Store.
 24231 | Orc:2    | Reached XP level 18. HP: 128/128 MP: 25/25
 24246 | Orc:2    | Reached skill level 15 in Transmutations
 24277 | Orc:2    | Found Wefrin's Book Shoppe.
 24281 | Orc:2    | Found Vorav's Book Emporium.
 24288 | Orc:2    | Bought a book of the Moon for 440 gold pieces
 24304 | Orc:2    | Bought a scroll of fog for 56 gold pieces
 24304 | Orc:2    | Bought 3 potions of invisibility for 336 gold pieces
 24304 | Orc:2    | Bought a potion of berserk rage for 70 gold pieces
 24310 | Orc:2    | Bought a potion of curing for 39 gold pieces
 24310 | Orc:2    | Bought a potion of berserk rage for 65 gold pieces
 24315 | Orc:2    | Bought a book of the Earth for 612 gold pieces
 24325 | Orc:2    | Learned a level 6 spell: Statue Form
 24611 | Orc:2    | Found Zohetupho's Magic Scroll Shop.
 24620 | Orc:2    | Bought a scroll of fear for 52 gold pieces
 24620 | Orc:2    | Bought a scroll of amnesia for 52 gold pieces
 24620 | Orc:2    | Bought a scroll of teleportation for 39 gold pieces
 24620 | Orc:2    | Bought a scroll of amnesia for 52 gold pieces
 24620 | Orc:2    | Bought a scroll of fog for 52 gold pieces
 24620 | Orc:2    | Bought a scroll of fog for 52 gold pieces
 24632 | Orc:2    | Found a staircase to the Elven Halls.
 24634 | Orc:2    | Noticed Rupert
 24645 | Orc:2    | Paralysed by Rupert for 5 turns
 24651 | Orc:2    | Killed Rupert
 24841 | Orc:2    | Bought a potion of ambrosia for 104 gold pieces
 24841 | Orc:2    | Bought a potion of ambrosia for 104 gold pieces
 24933 | Orc:1    | Found an ornate altar of the Wu Jian Council.
 24935 | Orc:1    | Found a transporter.
 24956 | Orc:1    | Found a transporter.
 24963 | Orc:1    | Found a transporter.
 24983 | Orc:1    | Found a transporter.
 24984 | Orc:1    | Found an ornate altar of the Wu Jian Council.
 25130 | Orc:1    | Reached skill level 10 in Dodging
 25130 | Orc:1    | Reached skill level 1 in Earth Magic
 25336 | D:15     | Entered Level 15 of the Dungeon
 26034 | D:15     | Found a staircase to the Depths.
 26263 | Depths:1 | Entered Level 1 of the Depths
 26359 | Depths:1 | Found a broken altar of Ashenzari.
 27154 | Depths:2 | Noticed an ancient lich
 27269 | Depths:2 | Found a one-way gateway to a ziggurat.
 27305 | Depths:2 | Reached skill level 18 in Unarmed Combat
 27577 | Depths:2 | Found a one-way gate leading to the halls of Pandemonium.
 27633 | Depths:2 | Paralysed by a vampire knight for 5 turns
 27651 | Depths:2 | Reached XP level 19. HP: 134/134 MP: 26/26
 27693 | Depths:2 | Reached skill level 5 in Earth Magic
 28189 | Depths:3 | Identified the ring of the Death Scarab {*Corrode rC+ Will+
                  | Str+6 Stlth+}
 28386 | Depths:3 | Noticed a walking crystal tome
 28394 | Depths:3 | Killed a walking crystal tome
 28422 | Depths:3 | Identified the +6 dagger of the Enchanted Forest {holy,
                  | rC+}
 28425 | Depths:3 | Noticed a golden dragon
 28433 | Depths:3 | Killed a golden dragon
 28453 | Depths:3 | Identified the staff of cold "Wauxzon" {rC+ rN+ Int+3
                  | Dex-3}
 28960 | Depths:3 | Found a one-way gate to the infinite horrors of the Abyss.
 28960 | Depths:3 | Noticed Louise
 28966 | Depths:3 | Noticed a walking crystal tome
 28967 | Depths:3 | Killed Louise
 28978 | Depths:3 | Killed a walking crystal tome
 29401 | Depths:4 | Entered Level 4 of the Depths
 29401 | Depths:4 | Noticed Saint Roka
 29410 | Depths:4 | Killed Saint Roka
 29411 | Depths:4 | Reached skill level 10 in Air Magic
 29435 | Depths:3 | Learned a level 5 spell: Lee's Rapid Deconstruction
 29777 | Depths:4 | Noticed Barug's ghost (adept TrMo)
 29785 | Depths:4 | Found a runed translucent door.
 29883 | Depths:4 | Reached XP level 20. HP: 140/140 MP: 27/27
 29986 | Depths:4 | Reached skill level 5 in Spellcasting
 29986 | Depths:4 | Noticed a golden dragon
 29990 | Depths:4 | Noticed a golden dragon
 30003 | Depths:4 | Reached skill level 19 in Unarmed Combat
 30008 | Depths:4 | Killed a golden dragon
 30008 | Depths:4 | Killed a golden dragon
 30186 | Depths:4 | Found a gate to the Realm of Zot.
 30794 | Depths:4 | Killed Barug's ghost
 31065 | D:14     | Killed Roxanne
 31079 | D:14     | Learned a level 2 spell: Passwall
 31166 | D:14     | Identified the staff of fire "Ebemopai" {rF+ Int+3}
 31173 | D:14     | Lost mutation: You occasionally lose the ability to drink
                  | potions when taking damage. [potion of mutation]
 31173 | D:14     | Lost mutation: Your body sometimes deteriorates upon taking
                  | damage. [potion of mutation]
 31173 | D:14     | Gained mutation: You sometimes lose your temper in combat.
                  | [potion of mutation]
 31173 | D:14     | Gained mutation: You expend magic power (3 MP) to
                  | strengthen your wands. [potion of mutation]
 31283 | D:9      | Bought a glowing tower shield for 232 gold pieces
 31382 | Shoals:1 | Entered Level 1 of the Shoals
 31403 | Shoals:1 | Noticed Frances
 31417 | Shoals:1 | Killed Frances
 32336 | Shoals:2 | Found Nogaom's Book Shoppe.
 32355 | Shoals:2 | Bought a book of Transfigurations for 640 gold pieces
 32440 | Shoals:2 | Lost mutation: You sometimes lose your temper in combat.
                  | [potion of mutation]
 32440 | Shoals:2 | Lost mutation: You expend magic power (3 MP) to strengthen
                  | your wands. [potion of mutation]
 32440 | Shoals:2 | Gained mutation: You have a pair of small antennae on your
                  | head. [potion of mutation]
 32440 | Shoals:2 | Gained mutation: You sometimes lose your temper in combat.
                  | [potion of mutation]
 32440 | Shoals:2 | Gained mutation: Your muscles are strong. (Str +4, Int/Dex
                  | -1) [potion of mutation]
 33134 | Shoals:3 | Found Ceresaav's Assorted Antiques.
 33155 | Shoals:3 | Bought a wand of roots (5) for 420 gold pieces
 33155 | Shoals:3 | Bought a potion of berserk rage for 175 gold pieces
 33155 | Shoals:3 | Bought a potion of curing for 105 gold pieces
 33179 | Shoals:3 | Noticed Bai Suzhen
 33188 | Shoals:3 | Killed Bai Suzhen
 33189 | Shoals:3 | Reached XP level 21. HP: 138/146 MP: 30/30
 33253 | Shoals:3 | Learned a level 4 spell: Manifold Assault
 33884 | Shoals:4 | Entered Level 4 of the Shoals
 33898 | Shoals:4 | Reached skill level 1 in Stealth
 33907 | Shoals:3 | Lost mutation: You have a pair of small antennae on your
                  | head. [potion of mutation]
 33907 | Shoals:3 | Lost mutation: Your muscles are strong. (Str +4, Int/Dex
                  | -1) [potion of mutation]
 33907 | Shoals:3 | Gained mutation: Your muscles are strong. (Str +4, Int/Dex
                  | -1) [potion of mutation]
 33907 | Shoals:3 | Gained mutation: One of your tentacles bears a spike.
                  | [potion of mutation]
 33907 | Shoals:3 | Gained mutation: You are somewhat resistant to further
                  | mutation. [potion of mutation]
 33997 | Shoals:4 | Found Lejalut's Weapon Shop.
 34175 | Shoals:4 | Noticed Ilsuiw
 34176 | Shoals:4 | Identified the +0 chain mail of Xiedacifu {Will+}
 34192 | Shoals:4 | Killed Ilsuiw
 34193 | Shoals:4 | Reached skill level 1 in Translocations
 34768 | Shoals:4 | Got a barnacled rune of Zot
 35993 | Vaults:1 | Entered Level 1 of the Vaults
 36428 | Vaults:1 | Reached skill level 5 in Stealth
 36457 | Vaults:1 | Reached skill level 10 in Earth Magic
 36980 | Vaults:1 | Reached XP level 22. HP: 154/154 MP: 34/34
 37826 | Vaults:2 | Reached skill level 20 in Unarmed Combat
 37883 | Vaults:2 | Found a staircase to the Crypt.
 38398 | Vaults:2 | Reached skill level 5 in Translocations
 40279 | Vaults:4 | Reached XP level 23. HP: 162/162 MP: 36/36
 40690 | Vaults:4 | Identified the +10 arbalest of Gravity {drain, Stlth+}
 40806 | Vaults:4 | Paralysed by a sphinx for 4 turns
 40828 | Vaults:4 | Reached skill level 15 in Fighting
 41100 | Vaults:4 | Lost mutation: You sometimes lose your temper in combat.
                  | [potion of mutation]
 41100 | Vaults:4 | Lost mutation: Your muscles are strong. (Str +4, Int/Dex
                  | -1) [potion of mutation]
 41100 | Vaults:4 | Gained mutation: You have very sharp teeth. [potion of
                  | mutation]
 41100 | Vaults:4 | Gained mutation: You are robust. (+10% HP) [potion of
                  | mutation]
 41105 | Vaults:5 | Entered Level 5 of the Vaults
 41111 | Vaults:5 | Reached skill level 10 in Stealth
 41153 | Vaults:5 | Noticed a dread lich
 41186 | Vaults:5 | Paralysed by a dread lich for 5 turns
 41194 | Vaults:4 | Killed a dread lich
 41195 | Vaults:4 | Reached skill level 15 in Dodging
 41402 | Vaults:5 | Noticed a golden dragon
 41406 | Vaults:5 | Killed a golden dragon
 41542 | Vaults:5 | Reached skill level 10 in Spellcasting
 41776 | Vaults:5 | Identified the +3 arbalest "Dagof" {flame, rF- rN+ Str+4
                  | Int+5}
 41831 | Vaults:5 | Identified the +12 spear of Resonant Courage {protect,
                  | Str+2}
 41915 | Vaults:5 | Noticed a golden dragon
 41920 | Vaults:5 | Killed a golden dragon
 41951 | Vaults:5 | Reached XP level 24. HP: 187/187 MP: 37/37
 42059 | Vaults:5 | Got the Grimoire of Evil Malisons
 42064 | Vaults:5 | Got a silver rune of Zot
 42068 | Vaults:5 | Identified the staff of air "Niameb" {rElec rPois}
 42324 | Vaults:5 | Identified the +9 long sword "Foext" {freeze, rC+}
 42702 | Vaults:5 | Got the Essays on the Injurious Grave
 43172 | Elf:1    | Entered Level 1 of the Elven Halls
 43201 | Elf:1    | Found a crumbling gateway.
 43206 | Desolati | Entered the Desolation of Salt
 43321 | Desolati | Found the +15 Maxwell's patent armour {-Cast -Tele rElec
                  | Will+ rCorr}
 43328 | Desolati | Got the Guide on Bedrock and the Volley
 43568 | Desolati | Reached skill level 21 in Unarmed Combat
 43603 | Desolati | Identified the +9 executioner's axe of the Eggplant {elec,
                  | Str+3 SInv Stlth+}
 43611 | Desolati | Identified the amulet "Haangee" {Acrobat Str+3}
 44269 | Elf:1    | Found a huge runed gate.
 44269 | Elf:1    | Found a huge runed gate.
 44269 | Elf:1    | Found a huge runed gate.
 44270 | Elf:1    | Found a huge runed gate.
 44271 | Elf:1    | Found a huge runed gate.
 44271 | Elf:1    | Found a huge runed gate.
 44272 | Elf:1    | Found a huge runed gate.
 44272 | Elf:1    | Found a huge runed gate.
 44272 | Elf:1    | Found a huge runed gate.
 44272 | Elf:1    | Found a huge runed gate.
 44297 | Elf:1    | Found a huge runed gate.
 44297 | Elf:1    | Found a huge runed gate.
 44297 | Elf:1    | Found a huge runed gate.
 44310 | Elf:1    | Found a huge runed gate.
 44310 | Elf:1    | Found a huge runed gate.
 44310 | Elf:1    | Found a huge runed gate.
 44310 | Elf:1    | Found a huge runed gate.
 44311 | Elf:1    | Found a huge runed gate.
 44312 | Elf:1    | Found a huge runed gate.
 44578 | Elf:1    | Found a huge runed gate.
 44578 | Elf:1    | Found a huge runed gate.
 44578 | Elf:1    | Found a huge runed gate.
 44578 | Elf:1    | Found a huge runed gate.
 44578 | Elf:1    | Found a huge runed gate.
 44578 | Elf:1    | Found a huge runed gate.
 44579 | Elf:1    | Found a huge runed gate.
 44580 | Elf:1    | Found a huge runed gate.
 44581 | Elf:1    | Found a huge runed gate.
 44604 | Elf:1    | Found a huge runed gate.
 44604 | Elf:1    | Found a huge runed gate.
 44604 | Elf:1    | Found a huge runed gate.
 44604 | Elf:1    | Found a huge runed gate.
 44604 | Elf:1    | Found a huge runed gate.
 44604 | Elf:1    | Found a huge runed gate.
 44605 | Elf:1    | Found a huge runed gate.
 44606 | Elf:1    | Found a huge runed gate.
 44778 | Elf:1    | Found Gizee's Antique Weapon Shop.
 44778 | Elf:1    | Found Teecsi Poan's General Store.
 44796 | Elf:1    | Found Buatwiop's General Store.
 44802 | Elf:1    | Bought a scroll of amnesia for 52 gold pieces
 44804 | Elf:1    | Bought a scroll of fear for 48 gold pieces
 44804 | Elf:1    | Bought a wand of roots (6) for 172 gold pieces
 45200 | Abyss:3  | Cast into level 3 of the Abyss (a deep elf sorcerer)
 45284 | Abyss:3  | Found a corrupted altar of Lugonu.
 45333 | Abyss:3  | Got an abyssal rune of Zot
 45363 | Elf:1    | Escaped the Abyss
 45727 | Elf:2    | Found a runed translucent gate.
 45727 | Elf:2    | Found a runed translucent gate.
 45727 | Elf:2    | Found a runed translucent gate.
 46179 | Elf:2    | Reached XP level 25. HP: 195/195 MP: 38/38
 46240 | Elf:2    | Noticed Aizul
 46245 | Elf:2    | Killed Aizul
 46603 | Elf:3    | Entered Level 3 of the Elven Halls
 46707 | Elf:3    | Found Bejelut's Book Emporium.
 46730 | Elf:3    | Bought a manual of Conjurations for 1440 gold pieces
 46818 | Elf:3    | Learned a level 4 spell: Passage of Golubria
 47351 | Abyss:3  | Cast into level 3 of the Abyss (a deep elf sorcerer)
 47368 | Abyss:3  | Reached skill level 10 in Translocations
 47379 | Abyss:3  | Learned a level 9 spell: Shatter
 47444 | Abyss:3  | Found a corrupted altar of Lugonu.
 47465 | Elf:3    | Escaped the Abyss
 47675 | Elf:3    | Identified the +1 scale mail "Hydwihiunt" {rC+ Will+ Str+3
                  | Dex-5}
 47697 | Elf:3    | Identified the +1 robe "Onirph" {rC- MP-9 SInv Archmagi}
 48014 | Elf:3    | Identified the +0 broad axe "Zewn" {flame, Int+4}
 48033 | Elf:3    | Got Sif Muna's Omnibus of the Deep Freeze and Nausea
 48111 | Elf:3    | Identified the orb of the Ferocious God {*channel, rC+
                  | Dex+2}
 48125 | Elf:3    | Got Vehumet's Parchment of Injury
 48129 | Elf:3    | Got the Book of the Body
 48133 | Elf:3    | Identified the +1 buckler of Hangman {Will- Str+4 Int+5
                  | SInv}
 48530 | Zot:1    | Entered Level 1 of the Realm of Zot
 48647 | Zot:1    | Noticed an orb of fire
 48654 | Zot:1    | Gained mutation: You occasionally shout uncontrollably at
                  | your foes. [an orb of fire]
 48655 | Zot:1    | Killed an orb of fire
 48850 | Zot:1    | Identified the ring of Doubt {Wiz rPois}
 48853 | Zot:1    | Noticed an orb of fire
 48858 | Zot:1    | Lost mutation: You are somewhat resistant to further
                  | mutation. [an orb of fire]
 48859 | Zot:1    | Killed an orb of fire
 49995 | Zot:1    | You fall into a shaft and drop 1 floor!
 50032 | Zot:2    | Reached XP level 26. HP: 181/205 MP: 29/38
 50172 | Zot:2    | Noticed a Killer Klown
 50182 | Zot:2    | Killed a Killer Klown
 50549 | Zot:2    | Reached skill level 22 in Unarmed Combat
 50562 | Zot:2    | Noticed a dread lich
 50563 | Zot:2    | Noticed a dread lich
 50741 | Zot:2    | Found a transporter.
 50757 | Zot:2    | Noticed reasonance's ghost (legendary DsFi)
 50758 | Zot:2    | Found a transporter.
 51064 | Zot:2    | Killed a dread lich
 51067 | Zot:2    | Killed a dread lich
 51076 | Zot:2    | Killed reasonance's ghost
 51104 | Zot:2    | Identified the ring "Zeet" {Will- EV+5 Str+3 Int+2}
 51203 | Zot:3    | Acquired Sif Muna's Incunable of Dusty Conflict
 52735 | Zot:3    | Reached skill level 15 in Earth Magic
 53501 | Zot:4    | Noticed a Killer Klown
 53672 | Zot:4    | Reached XP level 27. HP: 214/214 MP: 38/38
 53919 | Zot:4    | Found a shimmering altar of Xom.
 53921 | Zot:4    | Found a shimmering altar of Xom.
 53921 | Zot:4    | Found a glowing silver altar of Zin.
 53925 | Zot:4    | Found a shimmering altar of Xom.
 53927 | Zot:4    | Found a shimmering altar of Xom.
 53927 | Zot:4    | Found a shimmering altar of Xom.
 53937 | Zot:4    | Found a shimmering altar of Xom.
 54379 | Zot:5    | Entered Level 5 of the Realm of Zot
 54800 | Zot:5    | Identified the +0 chain mail "Coebaikeng" {rElec rPois}
 54810 | Zot:5    | Noticed a dread lich
 54818 | Zot:5    | Killed a dread lich
 54818 | Zot:5    | Noticed a dread lich
 54827 | Zot:5    | Killed a dread lich
 54846 | Zot:5    | Noticed a dread lich
 54851 | Zot:5    | Killed a dread lich
 54864 | Zot:5    | Noticed an ancient lich
 54867 | Zot:5    | Killed an ancient lich
 55138 | Zot:5    | Noticed an orb of fire
 55138 | Zot:5    | Noticed an orb of fire
 55138 | Zot:5    | Noticed a dread lich
 55140 | Zot:5    | Noticed an ancient lich
 55140 | Zot:5    | Noticed a dread lich
 55141 | Zot:5    | Noticed a dread lich
 55142 | Zot:5    | Reached skill level 15 in Invocations
 55142 | Zot:5    | Killed an orb of fire
 55143 | Zot:5    | Killed an orb of fire
 55143 | Zot:5    | Noticed a dread lich
 55143 | Zot:5    | Noticed a dread lich
 55144 | Zot:5    | Killed a dread lich
 55144 | Zot:5    | Killed an ancient lich
 55144 | Zot:5    | Killed a dread lich
 55144 | Zot:5    | Noticed a dread lich
 55145 | Zot:5    | Reached skill level 23 in Unarmed Combat
 55145 | Zot:5    | Noticed an ancient lich
 55146 | Zot:5    | Killed a dread lich
 55148 | Zot:5    | Killed a dread lich
 55149 | Zot:5    | Killed an ancient lich
 55174 | Zot:5    | Killed a dread lich
 55190 | Zot:5    | Noticed an ancient lich
 55195 | Zot:5    | Killed an ancient lich
 55315 | Zot:5    | Noticed a dread lich
 55320 | Zot:5    | Paralysed by a dread lich for 5 turns
 55331 | Zot:5    | Killed a dread lich
 55337 | Zot:5    | Killed a dread lich
 56326 | Slime:1  | Entered Level 1 of the Pits of Slime
 56896 | Slime:2  | Gained mutation: You sometimes lose your temper in combat.
                  | [a shining eye]
 57531 | Slime:3  | Noticed Dissolution
 57540 | Slime:3  | Killed Dissolution
 57624 | Slime:3  | You fall into a shaft and drop 1 floor!
 57988 | Slime:5  | Entered Level 5 of the Pits of Slime
 58046 | Slime:5  | Gained mutation: You occasionally lose the ability to drink
                  | potions when taking damage. [a shining eye]
 58055 | Slime:4  | Lost mutation: You are robust. (+10% HP) [potion of
                  | mutation]
 58055 | Slime:4  | Lost mutation: You sometimes lose your temper in combat.
                  | [potion of mutation]
 58055 | Slime:4  | Lost mutation: One of your tentacles bears a spike. [potion
                  | of mutation]
 58055 | Slime:4  | Gained mutation: You expend magic power (3 MP) to
                  | strengthen your wands. [potion of mutation]
 58163 | Slime:5  | Noticed the Royal Jelly
 58179 | Slime:5  | Killed the Royal Jelly
 58503 | Slime:5  | Identified the staff of earth "Josaf" {Fragile +Blink rPois
                  | rF+++}
 58543 | Slime:5  | Identified the ring of Qarryfok {Int+6 Dex+5}
 58547 | Slime:5  | Identified the staff of death "Ushryto" {rElec rN+ Int+3}
 58576 | Slime:5  | Got a slimy rune of Zot
 58580 | Slime:5  | Identified the +9 morningstar of Distant Worlds {heavy,
                  | Contam rN++ Int+5}
 58587 | Slime:5  | Identified the +11 battleaxe of Ythroott {heavy, rPois}
 58596 | Slime:5  | Identified the +4 short sword "Wodid" {drain, rElec MP+9
                  | Str-2 Stlth-}
 59530 | Zot:5    | Got the Orb of Zot
 59813 | Depths:1 | Noticed Jaefi the pandemonium lord
 59821 | Depths:1 | Killed Jaefi the pandemonium lord
 60148 | D:1      | Noticed Lawarch the pandemonium lord
 60152 | D:1      | Killed Lawarch the pandemonium lord
 60167 | D:$      | Escaped with the Orb!

Illustrated notes

Levels and vault maps discovered:
D:1:      dpeg_arrival_fog, layout_basic
D:2:      layout_basic
D:3:      layout_loops_ring, okawaru_altar_gauntlet_db, grunt_gozag_statues,
          minmay_misc_feat_nine_boxes
D:4:      cheibrodos_greedy_goblins, layout_basic, trog_butcher_becter,
          nicolae_ossuary_entry_plus, portal_sewer_entry_b,
          kennysheep_decorative_pillar, serial_bayou_crossing
D:5:      layout_basic, nicolae_uskayaw_en_pointe,
          minmay_temple_entry_statues_pillars, ebering_ghost_sewer_d,
          uniq_edmund
D:6:      layout_rooms, minmay_misc_feat_chi
D:7:      layout_basic, mainiacjoe_overflow_alcove_3, minmay_the_grid_2x2
          [minmay_the_grid_zigzag_pyramid, minmay_the_grid_plusring,
          minmay_the_grid_empty, minmay_the_grid_prize_trominoes]
D:8:      cheibrodos_histonic, layout_loops_ring, minmay_parallelograms,
          minmay_misc_feat_room
D:9:      layout_grid_maze, david_lair_generic, serial_demonic,
          serial_demonic_b, serial_demonic_b, serial_demonic_c,
          serial_demonic_b, enter_bailey_1, serial_shops, nicolae_shop_trees,
          uniq_pikel
D:10:     layout_rooms, uniq_urug, uniq_nergalle
D:11:     layout_cave_pools, portal_ice_cave_entry_pillars_1,
          nicolae_tso_carved_into_rock
D:12:     layout_basic, david_orc_3, serial_glass, glass_columns_b,
          glass_columns_c, glass_columns_a, glass_columns_a, glass_columns_a,
          glass_columns_b, minmay_between
D:13:     layout_long_grid
D:14:     layout_loops_ring, grunt_vaults_entry_tiered, door_vault, uniq_roxanne
D:15:     gammafunk_enter_depths_forms, layout_long_grid, serial_glass,
          glass_columns_c, glass_columns_a, glass_columns_b, glass_columns_a,
          glass_columns_a, glass_columns_b, glass_columns_a, glass_columns_b,
          glass_columns_c, glass_columns_b, glass_columns_a, glass_columns_b,
          glass_columns_a, glass_columns_b, minmay_stone_trees_large,
          nooodl_orcs_dogs
Temple:   eino_temple_water
Lair:1:   beast_lair_carwin_large_4, layout_loops_ring,
          gammafunk_ghost_wrathful_warriors
Lair:2:   layout_chaotic_city, nicolae_shoals_entry_flooding,
          spider_nest_entry_a, uniq_sonja, uniq_maggie
Lair:3:   nzn_winding_woodlands_large [nzn_winding_woodlands_5x5_default,
          nzn_winding_woodlands_5x15_lazy_stream,
          nzn_winding_woodlands_hourglass, nzn_winding_woodlands_center_garden,
          nzn_winding_woodlands_15x15_boxy_spiral,
          nzn_winding_woodlands_center_diamonds,
          nzn_winding_woodlands_5x5_closed_star, nzn_winding_woodlands_5x15_eye,
          nzn_winding_woodlands_5x5_default], layout_loops_ring, uniq_amaemon
Lair:4:   layout_gridlike, nicolae_quartered_pool_medium, pf_torpor_hydra,
          serial_bayou_shore_a, serial_bayou_shore_b, grunt_megastairs_2,
          lemuel_fruit_tree, serial_bayou_shore_b
Lair:5:   evil_forest, layout_cave_pods, slime_entry_1,
          nicolae_lair_grove_arrangements, minmay_lair_oklob_bushes,
          st_stairs_9, serial_bayou_pond_b, lemuel_old_faithful,
          serial_bayou_shore_b
Shoals:1: layout_shoals, uniq_frances
Shoals:2: layout_shoals, serial_shops, shop, nicolae_shoals_secluded_bog
Shoals:3: layout_shoals, serial_shops, shop, uniq_bai_suzhen
Shoals:4: shoals_end_simple, layout_shoals, shoal_ilsuiw, serial_shops, shop
Spider:1: layout_spider_delve, hangedman_spider_tarantella_strand
Spider:2: layout_spider_delve, uniq_arachne, uniq_azrael
Spider:3: layout_chambers, nicolae_spider_bug_shape, uniq_nikola, uniq_agnes
Spider:4: grunt_spider_rune_parallel, nicolae_spider_wall_of_niches
Slime:1:  layout_caves, basic_altar
Slime:2:  layout_caves, nicolae_slime_round_cave
Slime:3:  nicolae_slime_jelly_donut, layout_caves, uniq_dissolution
Slime:4:  layout_caves
Slime:5
Orc:1:    dreamdust_wu_jian_sword_trials, layout_caves, guppyfry_library_mini
Orc:2:    st_orc_open, layout_caves, serial_shops, shop,
          nicolae_orc_stony_grotto, uniq_rupert
Elf:1:    layout_geoelf_octagon,
          portal_desolation_entry_nicolae_forbidding_blocks, door_vault,
          minmay_shop_star
Elf:2:    elven_hall_of_blades_hangedman_original [nooodl_blade_entry_preview],
          layout_onion_city, uniq_aizul
Elf:3:    elf_hall_gauntlet_wide, layout_geoelf_grid, serial_shops,
          nicolae_shop_mannequins
Vaults:1: hangedman_vaults_stagger, v_pattern_5, nicolae_vaults_swerve,
          v_misc_22, nicolae_vaults_hexular_roomagon,
          nicolae_vaults_windows_and_doors_thing, ontoclasm_vaults_gateway,
          nicolae_vaults_border_crossing, dpeg_vaults_monster_row,
          nicolae_vaults_gold_heap, nicolae_vaults_back_hallway,
          nicolae_vaults_heart-shaped_vault, grunt_vaults_bifocal,
          vaults_room_hallway, nicolae_vaults_tetromino_Z_2,
          layout_vaults_omnibox
Vaults:2: nicolae_vaults_diffraction_hallways, vaults_standard_mumra_x,
          serial_ice_h, vaults_room_door_hall, v_misc_11, hangedman_vaults_trim,
          minmay_crypt_entry_simple_walls, grunt_vaults_trifunnel,
          vaults_standard_mumra_lines, v_misc_23,
          nicolae_vaults_storage_room_glass, vaults_room_ringed_pool,
          vaults_room_grid, layout_vaults_big_cross
Vaults:3: nicolae_vaults_heart-shaped_vault, vaults_room_grid,
          vaults_dpeg_encased_lava, nicolae_vaults_closet_pinwheel_3,
          vaults_room_octagon, nicolae_vaults_statue_guard,
          nicolae_vaults_storage_room_water, vaults_room_grunt_arrival_ludios,
          nicolae_vaults_storage_room_statues, layout_vaults_omnigrid
Vaults:4: nicolae_vaults_little_ls, nicolae_vaults_yaktaur_gun_rack,
          nicolae_vaults_triangles, nicolae_vaults_mitosis,
          nicolae_vaults_double_plus_3, v_misc_3, vaults_room_corners,
          nicolae_vaults_alarming, ontoclasm_vaults_loading_screen,
          vaults_room_semicircle, layout_vaults_big_room
Vaults:5: serial_shops
Depths:1: layout_gridlike, nicolae_ashenzari_skybound, serial_bayou,
          serial_bayou_lagoon_b, serial_bayou_pond_a, serial_bayou_lagoon_a,
          serial_bayou_ford_a, hell_entry, columned_hall_lemuel,
          minmay_misc_feat_four_crosses, minmay_misc_feat_rugged, st_stairs_2
Depths:2: kennysheep_green_arena, layout_cave_pools, enter_ziggurat_c,
          grunt_pan_entry_spiral, hell_entry, solitary_fountain,
          infiniplex_staircase_squiggle, serial_bayou_shore_b
Depths:3: minmay_split_circle, layout_basic,
          nicolae_abyss_entry_one_way_or_another, grunt_hell_entry_dis_old,
          grunt_megastairs_4
Depths:4: lemuel_castle_with_subvaults [lemuel_castle_interior_original],
          layout_honeycomb, minivault_11, hellmonk_ghost_happy_afterlife,
          hangedman_geh_valley, rand_demon_pan_entry_1, uniq_margery,
          uniq_saint_roka
Zot:1:    minmay_elemental_castle, layout_basic
Zot:2:    layout_misc_corridors, gammafunk_ghost_mausoleum, grunt_ministairs_14
Zot:3:    nicolae_zot_stationary_front, layout_misc_corridors,
          st_small_dragon_hoard_2, grunt_ministairs_1,
          hangedman_zot_wheel_spokes, st_stairs_14
Zot:4:    dreamdust_zin_vs_xom, layout_misc_corridors
Zot:5:    layout_concentric_octagons

Skill      XL: |  1  2  3  4  5  6  7  8  9 10 11 12 13 14 15 16 17 18 19 20 21 22 23 24 25 26 27 |
---------------+----------------------------------------------------------------------------------+-----
Fighting       | 2 3 4 6 7 8 9 11 12 13 14 15 16 17 18 19 | 19.7
Unarmed Combat | 4 5 6 7 9 10 11 12 13 14 15 16 17 18 19 20 21 22 23 | 23.7
Transmutations | 3 4 5 6 7 8 9 11 12 13 14 15 16 17 18 20 | 20.0
Shields        | 1 3 5 7 9 12 13 15 | 15.4
Invocations    | 4 5 7 9 10 11 12 14 16 | 16.0
Dodging        | 4 7 9 11 12 13 14 15 16 17 19 | 19.5
Air Magic      | 4 7 9 10 | 10.0
Earth Magic    | 4 7 9 10 11 12 13 14 15 17 | 17.3
Spellcasting   | 4 6 8 9 10 11 | 11.4
Stealth        | 6 9 11 12 | 12.0
Translocations | 4 6 8 9 10 | 10.0

Action                     |  1- 3 |  4- 6 |  7- 9 | 10-12 | 13-15 | 16-18 | 19-21 | 22-24 | 25-27 || total
---------------------------+-------+-------+-------+-------+-------+-------+-------+-------+-------++-------
  Melee: Unarmed           |    62 |   176 |   178 |   272 |   750 |   999 |   723 |   795 |   970 ||  4925
         Constrict         |    21 |    53 |    34 |    62 |    82 |   205 |   127 |   165 |   154 ||   903
         Kick              |    13 |    59 |    62 |    78 |   100 |   211 |    86 |   406 |   409 ||  1424
         Tentacles         |     9 |    39 |    37 |    73 |   123 |   268 |   181 |   213 |   262 ||  1205
         Punch             |       |     2 |     8 |    26 |    60 |   155 |   123 |   151 |   183 ||   708
         Bite              |       |       |       |       |       |       |       |    77 |   147 ||   224
   Cast: Beastly Appendage |    15 |    29 |    32 |    30 |    27 |    35 |       |       |       ||   168
         Wereblood         |       |     5 |     2 |    12 |    17 |    18 |     5 |    16 |     6 ||    81
         Ice Form          |       |       |       |     2 |    47 |     1 |       |       |       ||    50
         Storm Form        |       |       |       |       |       |     3 |    25 |       |     1 ||    29
         Statue Form       |       |       |       |       |       |    31 |    73 |   147 |   257 ||   508
         Lee's Rapid Decon |       |       |       |       |       |       |    29 |       |       ||    29
         Blink             |       |       |       |       |       |       |     1 |       |     3 ||     4
         Manifold Assault  |       |       |       |       |       |       |       |    24 |   132 ||   156
         Passage of Golubr |       |       |       |       |       |       |       |       |     1 ||     1
 Invoke: Slouch            |       |       |       |       |     6 |    11 |    12 |     4 |    33 ||    66
         Temporal Distorti |       |       |       |       |     4 |       |       |       |       ||     4
Ability: End Transformatio |       |       |       |     1 |       |     1 |       |       |     1 ||     3
         Blinkbolt         |       |       |       |       |       |     2 |    21 |       |       ||    23
  Evoke: Wand              |       |       |       |    12 |     8 |    13 |       |     1 |     3 ||    37
         Tin of tremorston |       |       |       |     2 |       |       |       |       |       ||     2
         Box of beasts     |       |       |       |     1 |       |       |       |       |       ||     1
    Use: Scroll            |     2 |    11 |     4 |     6 |    14 |     3 |     2 |     3 |     9 ||    54
         Potion            |       |       |     2 |     2 |     2 |     6 |     3 |     6 |     7 ||    28
   Stab: Sleeping          |     1 |    10 |     8 |     2 |     7 |    15 |     3 |    13 |     9 ||    68
         Distracted        |       |       |       |     1 |       |     2 |       |     6 |     5 ||    14
         Petrified         |       |       |       |       |     3 |       |       |       |       ||     3
         Petrifying        |       |       |       |       |     2 |       |       |       |       ||     2
 Armour: Skin              |     7 |    24 |    38 |    83 |   213 |   187 |   243 |   195 |   333 ||  1323
  Dodge: Dodged            |    43 |    71 |    57 |   107 |   300 |   850 |  1179 |  1071 |  1292 ||  4970
  Block: Kite shield       |       |    36 |   106 |   219 |   326 |   998 |   881 |  1021 |  1057 ||  4644
